Map: Forêt cybernétique EC

Players

ShaDoWn - Winner!

  • Race: Protoss Protoss
  • Spawn Location: 11:00

Vanya

  • Race: Zerg Zerg
  • Spawn Location: 5:00

Event: 2019 WCS Summer

VOD

Have the link to the VOD?

Description

Time

  • Played on: July 12, 2019, 7:09 a.m.
  • Length: 12:42

All games in this series

Show
View Real Time Build Order
Export as new Build Order

ShaDoWn Protoss - Winner!

Build Orders: 1 Gate Expand, Oracle Opening, Archon Immortal 

Get SALT Encoding   

  12  0:00  Probe  
  13  0:13  Probe  
  14  0:18  Pylon  
  14  0:24  Probe  
  15  0:32  Probe  
  15  0:39  Gateway  
  15  0:41  Probe  
  17  0:51  Assimilator, Probe  
  18  1:03  Probe  
  19  1:15  Probe  
  20  1:25  Nexus  
  20  1:36  Cybernetics Core  
  20  1:39  Probe  
  21  1:43  Assimilator  
  21  1:51  Probe  
  22  1:54  Pylon  
  22  2:02  Adept  
  22  2:03  Probe  
  25  2:16  Probe  
  25  2:20  Stargate  
  26  2:27  Probe  
  27  2:32  Stalker  
  27  2:33  Probe  
  27  2:35  Probe  
  29  2:41  Probe  
  29  2:43  Probe  
  33  2:51  Probe  
  33  2:54  Probe  
  33  2:56  Oracle  
  35  3:03  Probe  
  35  3:05  Warp Gate  
  36  3:06  Probe  
  36  3:11  Pylon  
  40  3:16  Probe  
  40  3:18  Probe  
  40  3:19  Assimilator  
  42  3:21  Assimilator  
  42  3:28  Probe  
  42  3:30  Probe, Gateway  
  44  3:39  Robotics Facility  
  46  3:49  Twilight Council  
  46  3:51  Shield Battery  
  46  3:52  Shield Battery  
  46  3:54  Shield Battery  
  44  4:02  Shield Battery  
  46  4:15  Pylon  
  43  4:17  Void Ray  
  43  4:20  Pylon  
  43  4:21  Probe  
  43  4:22  Stalker  
  43  4:25  Probe  
  43  4:29  Pylon  
  44  4:33  Probe  
  44  4:34  Pylon  
  45  4:38  Probe  
  45  4:45  Probe  
  38  4:50  Probe  
  36  4:53  Sentry  
  36  4:57  Probe  
  39  5:00  Sentry  
  41  5:09  Probe  
  41  5:10  Probe  
  42  5:21  Zealot, Probe  
  41  5:22  Probe  
  35  5:33  Probe  
  34  5:38  Probe  
  34  5:39  Gateway  
  35  5:45  Probe  
  35  5:46  Probe  
  36  5:54  Probe x2  
  36  6:02  Probe  
  38  6:06  Probe  
  40  6:12  Probe  
  40  6:14  Zealot, Forge  
  40  6:18  Probe  
  44  6:24  Probe  
  45  6:30  Probe, Immortal  
  50  6:36  Zealot, Probe  
  53  6:42  Probe  
  54  6:48  Probe  
  54  6:51  Cybernetics Core  
  55  6:54  Probe  
  55  7:00  Probe, Gateway  
  57  7:02  Protoss Ground Weapons Level 1  
  57  7:06  Probe  
  58  7:12  Probe  
  58  7:14  Gateway  
  58  7:15  Gateway  
  59  7:16  Zealot  
  59  7:21  Pylon  
  62  7:29  Warp Prism  
  61  7:35  Pylon  
  61  7:39  Pylon  
  61  7:43  Pylon  
  63  7:49  Sentry  
  65  7:54  Twilight Council, Phoenix  
  67  8:05  Immortal  
  71  8:07  Probe  
  72  8:15  Zealot  
  72  8:18  Probe  
  75  8:20  Nexus  
  75  8:23  Pylon  
  75  8:26  Probe  
  76  8:30  Probe, Templar Archives  
  76  8:31  Charge  
  77  8:40  Probe, Immortal  
  78  8:43  Adept  
  78  8:47  Adept x2  
  78  8:48  Probe  
  83  8:52  Probe  
  88  9:00  Probe  
  88  9:02  Shield Battery  
  89  9:07  Gateway  
  89  9:08  High Templar x4  
  97  9:12  Probe  
  97  9:14  Archon x2  
  97  9:17  Probe  
  97  9:19  Gateway  
  97  9:21  Pylon  
  98  9:26  Probe  
  99  9:32  Immortal  
  99  9:33  Pylon  
  103  9:42  Probe x2  
  103  9:43  Assimilator  
  105  9:46  Assimilator  
  105  9:47  Probe  
  106  9:54  Probe  
  106  9:58  Pylon  
  103  10:03  Probe, Immortal  
  103  10:05  Probe  
  103  10:06  Probe  
  106  10:08  High Templar x4  
  118  10:16  Protoss Ground Weapons Level 2  
  118  10:23  Psionic Storm  
  118  10:25  Probe  
  118  10:26  Probe, Gateway  
  120  10:28  Gateway  
  120  10:35  Archon  
  120  10:36  Archon  
  120  10:37  Zealot x2  
  120  10:43  Zealot x4  
  120  10:46  Immortal  
  93  11:01  Zealot x2  
  91  11:07  Zealot  
  91  11:08  Zealot x3  
  89  11:18  Nexus  
  87  11:21  Zealot x3  
  87  11:28  Zealot x2  
  87  11:31  Zealot  
  89  11:33  Zealot  
  89  11:34  Zealot  
  81  11:43  Zealot x3  
  77  11:49  High Templar x2  
  77  11:53  Zealot x2  
  81  11:57  High Templar  
  83  12:06  High Templar x3  
  93  12:11  Archon  
  93  12:15  Probe  
  94  12:18  Zealot x2  
  94  12:25  Zealot x2  
  94  12:31  Zealot  
Show
View Real Time Build Order
Export as new Build Order

Vanya Zerg 

Build Orders: Hatch First 

Get SALT Encoding   

  12  0:00  Drone  
  13  0:13  Overlord  
  13  0:17  Drone  
  14  0:31  Drone  
  15  0:44  Hatchery  
  15  0:48  Drone  
  15  0:52  Drone  
  16  0:57  Drone  
  17  1:06  Extractor  
  16  1:13  Spawning Pool  
  16  1:16  Drone  
  16  1:19  Drone  
  16  1:24  Drone  
  18  1:31  Drone  
  19  1:42  Drone  
  20  1:53  Hatchery  
  19  2:01  Queen  
  19  2:08  Zergling x2  
  22  2:10  Drone  
  22  2:12  Drone  
  24  2:18  Metabolic Boost  
  24  2:30  Roach Warren  
  24  2:33  Zergling x2  
  24  2:39  Overlord  
  23  3:10  Roach x5  
  23  3:12  Roach  
  35  3:16  Roach  
  35  3:18  Zergling x4  
  39  3:23  Zergling x2  
  40  3:30  Overlord  
  40  3:31  Zergling x2  
  41  3:40  Overlord  
  41  3:41  Overlord  
  41  3:59  Zergling x4  
  41  4:00  Zergling x8  
  45  4:07  Zergling x6  
  46  4:10  Zergling x2  
  46  4:12  Ravager  
  46  4:15  Zergling x2  
  46  4:17  Zergling x2  
  46  4:20  Zergling x2  
  46  4:23  Zergling x2  
  47  4:27  Zergling x4  
  49  4:32  Zergling x2  
  48  4:41  Zergling x4  
  48  4:43  Zergling x4  
  49  4:46  Drone x2  
  49  4:50  Drone  
  49  4:52  Drone  
  47  4:58  Drone x2  
  48  5:02  Drone  
  48  5:03  Drone  
  48  5:06  Drone  
  49  5:09  Drone  
  49  5:13  Spore Crawler  
  46  5:19  Drone  
  46  5:20  Drone  
  46  5:21  Drone x2  
  46  5:26  Drone x2  
  43  5:29  Drone  
  43  5:30  Drone  
  41  5:36  Spore Crawler  
  41  5:37  Zergling x4  
  41  5:43  Queen  
  41  5:48  Zergling x2, Spore Crawler  
  43  5:51  Zergling x4  
  43  5:54  Drone x2  
  43  5:56  Drone  
  47  5:59  Drone x2  
  49  6:08  Zergling x6  
  52  6:16  Queen  
  52  6:17  Lair  
  54  6:19  Overlord  
  54  6:21  Drone x2  
  56  6:25  Extractor  
  56  6:26  Extractor, Overlord  
  56  6:27  Drone x2  
  56  6:37  Overlord  
  54  6:42  Drone x3  
  56  6:50  Overlord  
  56  6:52  Drone x4  
  56  6:54  Drone  
  61  6:56  Overlord  
  61  6:58  Overlord  
  61  7:00  Roach x2  
  65  7:05  Overlord  
  65  7:10  Overlord  
  65  7:14  Overlord  
  65  7:16  Roach  
  65  7:17  Roach  
  65  7:22  Roach  
  71  7:26  Zergling x4, Roach  
  71  7:28  Glial Reconstitution  
  71  7:29  Zergling x2, Roach x2  
  80  7:38  Zergling x2, Extractor  
  80  7:40  Evolution Chamber  
  80  7:42  Roach x2  
  82  7:50  Drone x3  
  82  7:51  Drone x2  
  86  7:53  Ravager  
  86  7:54  Ravager  
  88  8:01  Roach x3  
  94  8:05  Zerg Missile Weapons Level 1  
  94  8:12  Queen  
  93  8:15  Zergling x4, Roach  
  99  8:22  Drone x3, Extractor  
  99  8:23  Hydralisk Den, Drone x2  
  99  8:24  Zergling x2, Roach  
  105  8:29  Overlord  
  105  8:31  Overlord  
  105  8:36  Overlord  
  105  8:39  Drone  
  104  8:42  Drone  
  105  8:52  Zergling x12, Roach x4  
  105  8:53  Roach  
  121  8:55  Grooved Spines  
  121  8:59  Hydralisk x2  
  125  9:04  Hydralisk  
  126  9:13  Hydralisk x2  
  126  9:15  Overlord  
  126  9:16  Overlord  
  129  9:22  Drone  
  130  9:25  Overlord x2  
  130  9:29  Hatchery  
  129  9:32  Overlord  
  129  9:35  Hydralisk x2, Drone x2  
  134  9:40  Drone  
  134  9:41  Drone  
  134  9:42  Hydralisk  
  138  9:47  Hydralisk x3  
  142  9:54  Hydralisk  
  142  9:55  Roach  
  142  9:59  Drone x3  
  145  10:00  Hydralisk  
  146  10:07  Hydralisk x2  
  146  10:11  Hydralisk x2  
  154  10:16  Zergling x4  
  156  10:23  Zerg Missile Weapons Level 2  
  156  10:25  Hydralisk x2  
  160  10:33  Hydralisk x2, Zergling x2  
  160  10:34  Zergling x2  
  166  10:41  Hydralisk  
  166  10:42  Hydralisk, Roach  
  165  10:45  Roach x2  
  165  10:48  Roach  
  165  10:49  Roach  
  145  10:56  Zergling x10  
  138  10:57  Zergling x4  
  138  11:00  Zergling x4  
  136  11:06  Zergling x2  
  136  11:07  Zergling x4  
  127  11:12  Hydralisk x2, Zergling x4  
  127  11:14  Hydralisk  
  123  11:21  Hydralisk  
  123  11:22  Roach x2  
  127  11:28  Hydralisk x2  
  127  11:29  Zergling x2  
  127  11:31  Hydralisk  
  123  11:35  Hydralisk  
  123  11:36  Zergling x2  
  123  11:38  Hydralisk  
  114  11:41  Hydralisk  
  114  11:46  Hydralisk x2, Zergling x2  
  107  11:49  Zergling x4  
  107  11:53  Hydralisk  
  109  11:58  Hydralisk x2  
  108  12:02  Roach x2  
  108  12:08  Roach x3  
  118  12:13  Hydralisk  
  118  12:16  Hydralisk  
  118  12:20  Roach  
Tags
 
Add a new tag
Caveats
  • Supply blocks, unpowered buildings, or Contaminate may cause inaccurate times.
  • Supply counts are checked every 10 seconds.